Cogmind - Beta 11 X6 @@@ ROGUE MODE // 2021.08.01 @ 00:18:19 // AFD2020/Player2 Player: cptwinky Result: Core destroyed Performance ------------- Evolutions (7) 3500 Regions Visited (24) 4800 Robots Destroyed (152) 760 Value Destroyed (6936) 6936 Prototype IDs (55) 1100 Alien Tech Used (0) 0 Bonus (10214) 10214 TOTAL SCORE: 27310 Bonus ------- Triggered High Security 500 High Alert Combat Kills 2434 Follower Combat Kills 7667 Network Hubs Disabled 200 Met Data Miner 300 Met Imprinter 300 Was Imprinted 300 Friendly Fire -1487 Cogmind --------- Core Integrity 0/1300 Matter 6/300 Energy 91/100 System Corruption 10% Temperature Cool (0) Movement Core (50) Location -3/Research Parts ------- > --- POWER (2) -------- (None) > --- PROPULSION (6) --- Armored Heavy Treads > --- UTILITY (9) ------ (None) > --- WEAPON (4) ------- (None) > --- INVENTORY (5) ---- High-capacity Matter Pod (0) EM Dispersion Field Advanced Hacking Suite Advanced Component Analysis Suite Helical Railgun Peak State ------------ > --- POWER ------------ Heavy Antimatter Reactor Quantum Reactor > --- PROPULSION ------- Heavy Treads Spiked Heavy Treads Centrium Heavy Treads > --- UTILITY ---------- Advanced Cooling System Large Storage Unit Active Sensor Suite Matter Filter Zionite Weapon Casing EM Dispersion Field Advanced Shield Generator > --- WEAPON ----------- Helical Railgun Helical Railgun Tri-rail Accelerator > --- INVENTORY -------- Armored Heavy Treads High-capacity Matter Pod Improved Phase Shifter EM Dispersion Field Advanced Shield Generator Advanced Hacking Suite Advanced Component Analysis Suite Improved KE Penetrator Helical Railgun Mini Smartbomb Launcher Nanosword [Rating: 160] Favorites ----------- Power Quantum Reactor Engine Reinforced Ion Engine Power Core Micro Nuclear Core Reactor Quantum Reactor Propulsion Carbon-fiber Leg Treads Heavy Treads Leg Carbon-fiber Leg Wheel Armored Huge Wheel Utility Large Storage Unit Device Advanced Cooling System Storage Large Storage Unit Processor Advanced Visual Processing Unit Hackware Experimental System Shield Protection Improved Heavy Armor Plating Weapon Helical Railgun Energy Gun Gatling Laser Ballistic Gun Helical Railgun Ballistic Cannon Heavy Mass Driver Launcher Mini Smartbomb Launcher Impact Weapon Powered Hammer Slashing Weapon Nanosword Special Melee Weapon Improved Datajack Build | -11 -10 -10 -10 -9 -8 -7 -7 -7 -7 -6 -6 -6 -6 -6 -5 -5 -5 -5 -5 -5 -4 -4 -4 -3 ------- Run | Scr Mat Min Exi Min Mat Fac Low Low Zio Pro Fac Low Low Dat Pro Fac Ext Cet Arc Hub Fac Upp Upp Res Slots Evolved 14 | . . . . . 4 2 . . . . 2 . . . . 2 . . . . 2 . . 2 Power 1 | . . . . . . . . . . . . . . . . . . . . . 1 . . . Propulsion 4 | . . . . . 2 . . . . . . . . . . 1 . . . . 1 . . . Utility 7 | . . . . . 1 2 . . . . 2 . . . . . . . . . . . . 2 Weapon 2 | . . . . . 1 . . . . . . . . . . 1 . . . . . . . . Parts Attached 231 | 6 4 6 . 2 26 13 5 15 16 17 26 10 7 . 10 12 6 4 . 8 5 4 4 25 Power 19 | 1 . 1 . 1 2 . . 1 1 1 3 1 1 . 1 . 1 1 . . 1 . . 2 Engine 7 | 1 . 1 . . 2 . . . . 1 . . 1 . . . . . . . . . . 1 Core 4 | . . . . 1 . . . 1 1 . . . . . 1 . . . . . . . . . Reactor 8 | . . . . . . . . . . . 3 1 . . . . 1 1 . . 1 . . 1 Propulsion 40 | 2 . . . 1 5 2 1 4 4 4 2 . . . 4 3 2 . . 1 1 . . 4 Treads 9 | . . . . . . . . . . . . . . . . 1 2 . . 1 1 . . 4 Leg 30 | 2 . . . 1 5 2 1 4 4 4 2 . . . 3 2 . . . . . . . . Wheel 1 | . . . . . . . . . . . . . . . 1 . . . . . . . . . Hover . | . . . . . . . . . . . . . . . . . . . . . . . . . Flight . | . . . . . . . . . . . . . . . . . . . . . . . . . Utility 84 | 1 2 2 . . 5 9 . 2 8 1 7 5 6 . 5 7 3 1 . 7 3 2 . 8 Device 40 | . 1 1 . . . 2 . . . . 5 3 6 . 1 3 1 . . 6 2 2 . 7 Storage 5 | 1 1 . . . 1 . . . . . . 1 . . 1 . . . . . . . . . Processor 11 | . . . . . 2 1 . . 5 . . . . . . 1 . . . 1 1 . . . Hackware 4 | . . . . . . 2 . . . 1 . . . . 1 . . . . . . . . . Protection 24 | . . 1 . . 2 4 . 2 3 . 2 1 . . 2 3 2 1 . . . . . 1 Artifact . | . . . . . . . . . . . . . . . . . . . . . . . . . Weapon 88 | 2 2 3 . . 14 2 4 8 3 11 14 4 . . . 2 . 2 . . . 2 4 11 Energy Gun 15 | 1 . 2 . . 1 1 2 4 1 2 . 1 . . . . . . . . . . . . Energy Cannon . | . . . . . . . . . . . . . . . . . . . . . . . . . Ballistic Gun 45 | 1 2 1 . . 9 1 . . 1 7 11 2 . . . 1 . 2 . . . 1 2 4 Ballistic Cannon 3 | . . . . . . . . . . . . . . . . 1 . . . . . . . 2 Launcher 19 | . . . . . 3 . 1 4 . 2 1 1 . . . . . . . . . 1 2 4 Special Weapon . | . . . . . . . . . . . . . . . . . . . . . . . . . Impact Weapon 2 | . . . . . . . 1 . . . 1 . . . . . . . . . . . . . Slashing Weapon 2 | . . . . . . . . . . . 1 . . . . . . . . . . . . 1 Piercing Weapon . | . . . . . . . . . . . . . . . . . . . . . . . . . Special Melee Weapon 2 | . . . . . 1 . . . 1 . . . . . . . . . . . . . . . Unidentified Prototypes 26 | . . . . . 1 . . . 5 1 9 4 . . 2 1 . 1 . . 2 . . . Corrupted Parts 1 | . . . . . . . . . 1 . . . . . . . . . . . . . . . System Corruption 10 | . . . . . . . . . 10 . . . . . . . . . . . . . . . Parts Lost 28 | . . . . . . . . 2 . 2 . . . . 5 2 1 . . . . . . 16 Power 3 | . . . . . . . . . . . . . . . . . . . . . . . . 3 Propulsion 6 | . . . . . . . . . . 1 . . . . 2 . . . . . . . . 3 Utility 16 | . . . . . . . . 2 . 1 . . . . 3 2 1 . . . . . . 7 Weapon 3 | . . . . . . . . . . . . . . . . . . . . . . . . 3 Highest Loss Streak 8 | . . . . . . . . 2 . 2 . . . . 3 1 1 . . . . . . 8 Average Slot Usage (%) 87 | . 93 100 100 100 99 98 100 99 99 96 91 92 93 93 90 79 75 76 76 76 67 63 63 63 Engine 3 | . 14 14 14 10 8 7 7 5 . 1 4 . 3 6 3 . . . . . . . . . Core 1 | . . . . 3 . . . 1 7 5 . . . . 2 5 2 . . . . . . . Reactor 2 | . . . . . . . . . . . 1 6 2 . . . 2 5 5 5 10 10 10 8 Treads 4 | . . . . . . . . . . . . . . . . 2 5 17 17 17 15 15 15 13 Leg 19 | . 28 28 28 28 35 30 30 30 30 29 26 26 26 26 24 10 4 . . . . . . . Device 5 | . 7 1 . . . . . . . . 4 5 6 6 7 2 10 11 11 11 10 10 10 18 Storage 7 | . 14 14 14 14 9 7 7 7 7 7 6 6 6 6 6 5 5 5 5 5 5 5 5 3 Processor 6 | . . . . . 8 7 7 7 10 15 13 13 13 13 9 9 5 5 5 10 4 . . . Protection 11 | . . 12 14 14 9 9 23 22 19 11 6 13 13 13 13 9 10 11 11 5 5 5 5 3 Energy Gun 3 | . 14 14 14 14 1 1 6 6 6 5 . . . . . . . . . . . . . . Ballistic Gun 15 | . 14 14 14 14 24 20 15 15 15 17 16 19 20 20 20 14 11 11 11 11 10 9 9 8 Ballistic Cannon 1 | . . . . . . . . . . . . . . . . 3 5 5 5 5 5 5 5 3 Naked Turns 1 | . . . . . . . . . . . . . . . . . . . . . . . . 1 Heaviest Build 121 | 12 18 26 26 26 42 48 48 61 54 50 81 76 68 62 66 76 83 91 91 93 111 113 111 121 Greatest Support 225 | 20 20 20 20 23 46 50 60 65 72 75 70 70 70 70 83 28 167 167 167 167 220 220 220 225 Greatest Overweight (x) 2 | . . 1 1 1 1 . . . . . 1 1 . . 2 2 2 . . . . . . . Average Overweight (x) . | . . . 1 1 . . . . . . . . . . . 1 1 . . . . . . . Largest Inventory Capacity 15 | 8 10 10 10 10 15 15 15 15 15 15 15 15 15 15 15 15 15 15 15 15 15 15 15 15 Average Capacity 14 | 7 9 10 10 10 12 15 15 15 15 15 15 15 15 15 15 15 15 15 15 15 15 15 15 14 Most Carried 15 | 6 10 10 10 10 13 15 15 15 15 15 15 15 15 15 15 15 15 15 15 15 15 15 15 15 Average Carried 13 | 3 6 9 10 9 10 14 14 14 14 14 14 14 15 15 14 12 14 14 15 14 12 14 15 13 Final Capacity 15 | 8 10 10 10 10 15 15 15 15 15 15 15 15 15 15 15 15 15 15 15 15 15 15 15 5 Final Carried 15 | 6 10 10 10 10 13 15 15 15 15 14 15 15 15 15 10 13 15 15 15 15 15 15 15 5 Class Distribution -------------------- 31% | Scavenger-Tank 17% | Scavenger-Skirmisher 12% | Mutant 12% | Derelict-Tank 8% | Tank 6% | Scavenger-Mutant 4% | Scavenger-Gunner Dominant Class ---------------- Mutant | -10/Materials Mutant | -10/Mines Mutant | -10/Exiles Mutant | -9/Mines Scavenger-Tank | -8/Materials Hacker-Tank | -7/Factory Scavenger-Tank | -7/Lower Caves Scavenger-Tank | -7/Lower Caves Derelict-Tank | -7/Zion Derelict-Tank | -6/Proximity Caves Scavenger-Mutant | -6/Factory Scavenger-Tank | -6/Lower Caves Tank | -6/Lower Caves Tank | -6/Data Miner Scavenger-Tank | -5/Proximity Caves Scavenger-Tank | -5/Factory Scavenger-Tank | -5/Extension Scavenger-Tank | -5/Cetus Scavenger-Tank | -5/Archives Tank | -5/Hub_04(d) Scavenger-Skirmisher | -4/Factory Scavenger-Skirmisher | -4/Upper Caves Scavenger-Skirmisher | -4/Upper Caves Scavenger-Skirmisher | -3/Research Resources | -11 -10 -10 -10 -9 -8 -7 -7 -7 -7 -6 -6 -6 -6 -6 -5 -5 -5 -5 -5 -5 -4 -4 -4 -3 ----------- Run | Scr Mat Min Exi Min Mat Fac Low Low Zio Pro Fac Low Low Dat Pro Fac Ext Cet Arc Hub Fac Upp Upp Res Matter Collected 6244 | 246 111 84 . 77 516 247 113 304 116 395 281 300 199 . 366 347 523 99 26 172 204 195 178 1145 Remotely . | . . . . . . . . . . . . . . . . . . . . . . . . . Salvage Created 6020 | . 174 54 . 211 417 45 58 615 . 301 62 160 121 . 362 417 567 179 . 279 131 59 82 1726 Parts 252 | . 16 . . 11 27 2 2 20 . 5 4 7 6 . 21 15 25 8 . 17 3 3 5 55 Haulers Intercepted 5 | . 1 . . . 3 . . . . . . . . . . . . . . . . . . 1 Recyclers Shooed 3 | . . . . . . . . . . . . . . . . . . . . 1 . . . 2 Parts Field Recycled . | . . . . . . . . . . . . . . . . . . . . . . . . . Retrieved Matter . | . . . . . . . . . . . . . . . . . . . . . . . . . Parts Self-Destructed 93 | . . . . . . . 4 11 5 13 . 7 8 . 24 . . . . . . 12 9 . Prevented 20 | . . . . . . . 3 10 . 5 . . . . . . . . . . . 2 . . Kills | -11 -10 -10 -10 -9 -8 -7 -7 -7 -7 -6 -6 -6 -6 -6 -5 -5 -5 -5 -5 -5 -4 -4 -4 -3 ------- Run | Scr Mat Min Exi Min Mat Fac Low Low Zio Pro Fac Low Low Dat Pro Fac Ext Cet Arc Hub Fac Upp Upp Res Combat Hostiles Destroyed 132 | . 6 2 . 6 8 1 2 13 . 8 1 6 3 . 9 2 9 3 . 2 2 4 7 38 Guns 63 | . 6 2 . 6 3 1 1 5 . 3 1 1 3 . 9 2 4 2 . 1 2 . . 11 Cannons 23 | . . . . . . . . . . . . . . . . . 5 1 . 1 . . . 16 AOE 46 | . . . . . 5 . 1 8 . 5 . 5 . . . . . . . . . 4 7 11 Classes Destroyed 22 | . 3 1 . 1 3 . . . . . . 1 2 . 1 3 . . . 2 . . . 5 Worker 3 | . . . . . . . . . . . . . . . . . . . . 2 . . . 1 Builder 3 | . . . . . . . . . . . . . . . . 1 . . . 2 . . . . Hauler 5 | . 1 . . . 3 . . . . . . . . . . . . . . . . . . 1 Recycler 4 | . . . . . . . . . . . . . . . . 2 1 . . . . . . 1 Mechanic 1 | . . . . . . . . . . . . . . . . . . . . . . . . 1 Operator 1 | . . . . . 1 . . . . . . . . . . . . . . . . . . . Watcher 2 | . . . . . 1 . . . . . . . . . . . . . . 1 . . . . Swarmer 39 | . 5 . . 2 3 . 1 4 . 1 . 2 . . 5 . 1 . . . . 4 7 4 Saboteur 2 | . . . . . . . . . . . . . . . . . . . . . . . . 2 Grunt 49 | . 1 1 . 3 4 1 1 9 . 6 1 3 . . 2 . 6 . . 2 . . . 9 Brawler 4 | . . . . 1 . . . . . . . . . . . . . . . . . . . 3 Duelist 5 | . . . . . . . . . . . . 1 . . . . . . . . . . . 4 Protector 2 | . . . . . . . . . . . . . . . . . . . . . . . . 2 Sentry 6 | . . . . . 1 . . . . 1 . . 1 . . . . . . . 1 . . 2 Hunter 12 | . . . . . . . . . . . . . . . 2 1 1 . . . 1 . . 7 Programmer 2 | . . . . . . . . . . . . . . . . . . . . . . . . 2 Heavy 1 | . . . . . . . . . . . . . . . . 1 . . . . . . . . Behemoth 4 | . . . . . . . . . . . . . 1 . . . 1 . . . . . . 2 Cetus Guard 3 | . . . . . . . . . . . . . . . . . . 3 . . . . . . Striker 1 | . . . . . . . . . . . . . . . . . . . . . . . . 1 Thief 1 | . . . . . . . . . . . . . 1 . . . . . . . . . . . Assembled 1 | . . 1 . . . . . . . . . . . . . . . . . . . . . . Fireman 2 | . . . . . . . . . . . . . . . . . . . . 2 . . . . Best Kill Streak 10 | . 4 1 . 2 3 1 1 4 . 5 1 4 1 . 5 2 3 2 . 2 1 4 5 10 Combat Bots Only 10 | . 4 1 . 2 3 1 1 4 . 5 1 4 1 . 5 1 3 2 . 2 1 4 5 10 Max Kills in Single Turn 5 | . 2 1 . 1 3 1 1 2 . 2 1 2 1 . 2 2 2 2 . 4 1 4 5 4 Gunslinging 1 | . 1 . . . . . . . . . . . . . . . . . . . . . . . Exploded 5 | . . . . . 3 . 1 2 . 2 . 2 . . . . . . . . . 4 5 3 Melee . | . . . . . . . . . . . . . . . . . . . . . . . . . Uniques/NPCs Destroyed . | . . . . . . . . . . . . . . . . . . . . . . . . . Combat | -11 -10 -10 -10 -9 -8 -7 -7 -7 -7 -6 -6 -6 -6 -6 -5 -5 -5 -5 -5 -5 -4 -4 -4 -3 -------- Run | Scr Mat Min Exi Min Mat Fac Low Low Zio Pro Fac Low Low Dat Pro Fac Ext Cet Arc Hub Fac Upp Upp Res Damage Taken 11566 | . 142 73 . 214 262 86 98 607 . 986 92 168 175 . 872 252 935 166 76 189 327 171 30 5645 Core 888 | . 51 22 . 45 . . 15 34 . 101 . . 6 . 12 . 97 . . . . 24 . 481 Absorbed by Shields 1602 | . . . . . . . . . . . . . . . . . . . . . . . . 1602 Reduced by Siege Mode 305 | . . . . . . . . . . . . . . . . . 7 . . . . 21 . 277 Core Remaining (%) 78 | 100 . . . 13 91 . . . . 78 . . . . 90 . . . . 84 . . 93 . Volleys Fired 332 | . 21 8 . 19 16 5 6 25 . 17 1 10 10 . 19 25 28 3 2 7 9 8 8 85 Largest 4 | . 2 2 . 2 3 3 3 3 . 3 3 3 3 . 3 4 3 3 3 3 3 3 3 3 Hottest 151 | . 70 73 . 98 121 69 131 131 . 136 79 114 114 . 114 151 151 151 151 151 151 151 151 151 Shots Fired 797 | . 42 16 . 38 34 15 11 47 . 39 3 20 30 . 56 69 77 9 6 13 26 15 12 219 Gun 622 | . 42 16 . 38 27 15 9 35 . 33 3 15 30 . 56 59 56 6 4 6 18 8 6 140 Cannon 129 | . . . . . . . . . . . . . . . . 10 21 3 2 7 8 6 3 69 Launcher 46 | . . . . . 7 . 2 12 . 6 . 5 . . . . . . . . . 1 3 10 Special . | . . . . . . . . . . . . . . . . . . . . . . . . . Kinetic 677 | . 21 8 . 19 23 15 7 26 . 22 3 15 30 . 56 69 77 9 6 13 26 14 9 209 Thermal 74 | . 21 8 . 19 4 . 2 9 . 11 . . . . . . . . . . . . . . Explosive 32 | . . . . . 7 . . . . 6 . 5 . . . . . . . . . 1 3 10 Electromagnetic 14 | . . . . . . . 2 12 . . . . . . . . . . . . . . . . Robot Hit Streak 26 | . 6 12 . 14 12 8 3 8 . 12 3 4 7 . 5 5 25 7 3 4 7 6 4 26 Robot Miss Streak 6 | . 3 1 . 4 2 2 2 6 . 6 . 2 2 . 4 5 5 . 1 3 2 2 2 5 Penetration Max 1 | . . . . . . . . . . . . . . . . 1 1 1 . . . . . 1 Secondary Targets 6 | . 2 . . 2 . . . . . . . . . . 1 . . . . . . . . 1 Max Gunslinging Chain 1 | . 1 . . 1 . . . . . . . . . . 1 . . . . . . . . 1 Shots Hit Robots 522 | . 27 14 . 27 22 10 9 31 1 35 2 11 19 . 24 31 54 7 4 3 17 8 4 162 Core Hits 349 | 1 9 5 . 8 23 4 11 31 . 40 2 17 5 . 12 11 20 5 . 12 4 7 8 114 Critical Kills 3 | . . . . . . . . . . . . . . . 1 . . 1 . . . . . 1 Critical Parts Destroyed 7 | . . . . . . . . . . . . 1 . . 2 1 1 . . . . . . 2 Critical Strikes 22 | . . . . 1 . . . . . . . 1 . . 3 3 2 1 . . . . . 11 Burn 1 | . . . . 1 . . . . . . . . . . . . . . . . . . . . Destroy 13 | . . . . . . . . . . . . 1 . . 3 1 1 1 . . . . . 6 Blast 7 | . . . . . . . . . . . . . . . . 2 1 . . . . . . 4 Sever 1 | . . . . . . . . . . . . . . . . . . . . . . . . 1 Melee Attacks 13 | . . . . . . . 1 . 1 . 6 . . . . . . . . . . . . 5 Impact 7 | . . . . . . . 1 . . . 6 . . . . . . . . . . . . . Slashing 5 | . . . . . . . . . . . . . . . . . . . . . . . . 5 Piercing . | . . . . . . . . . . . . . . . . . . . . . . . . . Sneak Attacks 1 | . . . . . . . . . 1 . . . . . . . . . . . . . . . Combat Hostiles . | . . . . . . . . . . . . . . . . . . . . . . . . . Follow-up Attacks . | . . . . . . . . . . . . . . . . . . . . . . . . . Damage Inflicted 25022 | 4 375 168 . 527 1085 146 195 1249 . 1570 35 816 623 . 779 1205 2631 322 142 987 624 570 815 10154 Guns 10845 | . 371 168 . 527 273 146 126 453 . 618 35 275 623 . 779 994 1369 181 91 89 332 117 133 3145 Cannons 6100 | . . . . . . . . . . . . . . . . 211 1259 141 51 205 292 155 41 3745 Explosions 7610 | . . . . . 812 . 69 796 . 952 . 541 . . . . . . . 537 . 298 641 2964 Melee 218 | . . . . . . . . . . . . . . . . . . . . . . . . 218 Ramming 249 | 4 4 . . . . . . . . . . . . . . . 3 . . 156 . . . 82 Kinetic 15891 | . 218 88 . 225 252 146 105 254 . 340 35 275 623 . 779 1205 2628 322 142 294 624 272 174 6890 Thermal 1111 | . 153 80 . 302 21 . 21 256 . 278 . . . . . . . . . . . . . . Explosive 6208 | . . . . . 812 . . . . 952 . 541 . . . . . . . . . 298 641 2964 Electromagnetic 1345 | . . . . . . . 69 739 . . . . . . . . . . . 537 . . . . Impact . | . . . . . . . . . . . . . . . . . . . . . . . . . Slashing 218 | . . . . . . . . . . . . . . . . . . . . . . . . 218 Piercing . | . . . . . . . . . . . . . . . . . . . . . . . . . Highest Corruption 10 | . . . . . . 1 . . 10 . . . . . . . . . . 2 . . . 10 Average Corruption 3 | . . . . . . 1 . . 4 . . . . . . . . . . 2 . . . 4 Corruption Purged 1 | . . . . . . 1 . . . . . . . . . . . . . . . . . . Effects 27 | . . . . . . . . . 4 . . . . . . . . . . 2 . . . 21 Message Errors 9 | . . . . . . . . . 2 . . . . . . . . . . . . . . 7 Matter Fused 7 | . . . . . . . . . 2 . . . . . . . . . . . . . . 5 Heat Flow Errors 3 | . . . . . . . . . . . . . . . . . . . . 1 . . . 2 Parts Rejected 1 | . . . . . . . . . . . . . . . . . . . . . . . . 1 Data Loss (minor) 2 | . . . . . . . . . . . . . . . . . . . . 1 . . . 1 Data Loss (major) 1 | . . . . . . . . . . . . . . . . . . . . . . . . 1 Misfires 1 | . . . . . . . . . . . . . . . . . . . . . . . . 1 Weapon Failures 3 | . . . . . . . . . . . . . . . . . . . . . . . . 3 Overload Shots . | . . . . . . . . . . . . . . . . . . . . . . . . . Overflow Damage 461 | . . . . . 9 . 3 3 . 2 . . . . . 12 125 . . 23 7 18 33 226 Projectiles 196 | . . . . . . . . . . . . . . . . 12 125 . . . 7 15 . 37 Explosions 247 | . . . . . 9 . 3 3 . 2 . . . . . . . . . 23 . 3 33 171 Melee 18 | . . . . . . . . . . . . . . . . . . . . . . . . 18 Knockbacks 22 | . . . . . . . . . . . . . . . . 3 3 . . 1 1 2 1 11 Impact 2 | . . . . . . . . . . . . . . . . . . . . 1 . . . 1 Kinetic 19 | . . . . . . . . . . . . . . . . 3 3 . . . 1 2 1 9 Secondary 1 | . . . . . . . . . . . . . . . . . . . . . . . . 1 Self-Inflicted Damage 171 | . . . . . 28 . . 4 . 45 . . . . . . . . . 94 . . . . Shots 4 | . . . . . 1 . . 1 . 1 . . . . . . . . . 1 . . . . Rammed 23 | . . . . . . . . . . . . . . . . . 1 . . 14 . . . 8 Targets Rammed 28 | 2 1 . . . . . . . . . . . . . . . 1 . . 16 . . . 8 Kicked 3 | 2 1 . . . . . . . . . . . . . . . . . . . . . . . Crushed 2 | . . . . . . . . . . . . . . . . . . . . 2 . . . . Highest Temperature 362 | . 54 42 . 270 57 9 97 147 . 310 3 240 362 . 282 174 9 6 12 161 18 . . 192 Average Temperature 68 | . 20 20 . 98 22 9 49 53 . 91 2 90 107 . 90 55 2 3 7 54 12 . . 34 Received Heat Transfer 1568 | . 9 24 . 96 117 9 . 99 . 213 . 18 24 . 66 . 84 9 . 27 45 . . 728 Effects 1 | . . . . . . . . . . . . . 1 . . . . . . . . . . . Energy Bleed 1 | . . . . . . . . . . . . . 1 . . . . . . . . . . . Siege Activations 10 | . . . . . . . . . . . . . . . . . 3 1 . . . 1 1 4 Total Turns 326 | . . . . . . . . . . . . . . . . . 53 9 . . . 156 3 105 Longest Duration 156 | . . . . . . . . . . . . . . . . . 26 9 . . . 156 3 41 Robots Corrupted . | . . . . . . . . . . . . . . . . . . . . . . . . . Combat Hostiles . | . . . . . . . . . . . . . . . . . . . . . . . . . Parts Fried 8 | . . . . . . . . 4 . . . . . . . . . . . 4 . . . . Impact Corruptions 1 | . . . . . . . . . . . . . . . . . . . . . . . . 1 Robots Melted . | . . . . . . . . . . . . . . . . . . . . . . . . . Combat Hostiles . | . . . . . . . . . . . . . . . . . . . . . . . . . Parts Melted 6 | . . . . 1 . . 1 . . 1 . . 1 . 1 . . . . . . . . 1 Heat Transferred 2470 | . 444 222 . 592 37 . 50 525 . 600 . . . . . . . . . . . . . . Parts Sabotaged 1 | . . . . . . . . . . . . . . . . . . . . . . . . 1 Parts Stolen . | . . . . . . . . . . . . . . . . . . . . . . . . . Parts Stripped . | . . . . . . . . . . . . . . . . . . . . . . . . . Power Chain Reactions 1 | . . . . . . . . 1 . . . . . . . . . . . . . . . . Missiles Intercepted . | . . . . . . . . . . . . . . . . . . . . . . . . . Alert | -11 -10 -10 -10 -9 -8 -7 -7 -7 -7 -6 -6 -6 -6 -6 -5 -5 -5 -5 -5 -5 -4 -4 -4 -3 ------- Run | Scr Mat Min Exi Min Mat Fac Low Low Zio Pro Fac Low Low Dat Pro Fac Ext Cet Arc Hub Fac Upp Upp Res Peak Influence 3682 | . 429 232 . 267 364 483 . . . . 872 . . . . 242 686 408 305 581 781 . . 3682 Initial 311 | . . 108 . . 46 65 . . . . 145 . . . . . 94 311 156 36 279 . . . Average 373 | . 245 109 . 103 186 194 . . . . 330 . . . . 137 503 381 239 299 508 . . 1365 Maximum Alert Level 5 | . 2 1 . 1 1 2 . . . . 3 . . . . 1 2 2 1 2 3 . . 5 Low Security (%) 43 | 100 28 85 . 96 55 54 . . . . 55 . . . . 75 10 . 33 15 . . . 9 Level 1 31 | . 63 14 . 3 44 20 . . . . 20 . . . . 24 8 93 66 71 35 . . 24 Level 2 16 | . 8 . . . . 25 . . . . 1 . . . . . 81 6 . 13 50 . . 6 Level 3 3 | . . . . . . . . . . . 22 . . . . . . . . . 13 . . 11 Level 4 . | . . . . . . . . . . . . . . . . . . . . . . . . 5 Level 5 . | . . . . . . . . . . . . . . . . . . . . . . . . . High Security 4 | . . . . . . . . . . . . . . . . . . . . . . . . 42 Max Security . | . . . . . . . . . . . . . . . . . . . . . . . . . Squads Dispatched 56 | . 3 . . . 5 2 . . . . 6 . . . . 8 . . . 3 4 . . 25 Investigation 14 | . 2 . . . 2 1 . . . . 1 . . . . 5 . . . 2 1 . . . Extermination 5 | . . . . . . 1 . . . . 3 . . . . . . . . . . . . 1 Reinforcement 18 | . 1 . . . 2 . . . . . 2 . . . . 3 . . . 1 3 . . 6 Assault 15 | . . . . . . . . . . . . . . . . . . . . . . . . 15 Garrison 4 | . . . . . 1 . . . . . . . . . . . . . . . . . . 3 Intercept . | . . . . . . . . . . . . . . . . . . . . . . . . . Construction Impeded 6 | . . . . . 1 . . . . . 1 . . . . 1 . . . . . . . 3 Haulers Reinforced 4 | . . . . . . . . . . . . . . . . 1 . . . . 1 . . 2 Active Scanning Responses . | . . . . . . . . . . . . . . . . . . . . . . . . . Cargo Convoy Interrupts 1 | . . . . . . . . . . . 1 . . . . . . . . . . . . . Stealth | -11 -10 -10 -10 -9 -8 -7 -7 -7 -7 -6 -6 -6 -6 -6 -5 -5 -5 -5 -5 -5 -4 -4 -4 -3 --------- Run | Scr Mat Min Exi Min Mat Fac Low Low Zio Pro Fac Low Low Dat Pro Fac Ext Cet Arc Hub Fac Upp Upp Res Distress Signals 13 | . 1 1 . . 2 . . . . . 1 . . . . . 2 1 . 3 . . . 2 Communications Jammed . | . . . . . . . . . . . . . . . . . . . . . . . . . Distress Signals . | . . . . . . . . . . . . . . . . . . . . . . . . . Times Spotted 337 | . 20 5 . 15 21 9 5 19 . 19 15 6 4 . 12 7 27 5 3 14 9 3 8 111 Peak Tracking Total 17 | . 7 2 . 3 5 4 3 4 . 7 9 4 1 . 5 2 5 5 1 4 3 2 5 17 Tactical Retreats 7 | . . . . . . . . 3 . . . . . . . . 3 . . . . 1 . . Traps | -11 -10 -10 -10 -9 -8 -7 -7 -7 -7 -6 -6 -6 -6 -6 -5 -5 -5 -5 -5 -5 -4 -4 -4 -3 ------- Run | Scr Mat Min Exi Min Mat Fac Low Low Zio Pro Fac Low Low Dat Pro Fac Ext Cet Arc Hub Fac Upp Upp Res Traps Triggered 7 | . . . . . 1 1 . . . . 1 . . . . 1 . . . 1 . . . 2 Indirectly . | . . . . . . . . . . . . . . . . . . . . . . . . . Trap Hack Attempts 3 | . . . . . 3 . . . . . . . . . . . . . . . . . . . Triggered 1 | . . . . . 1 . . . . . . . . . . . . . . . . . . . Disarmed . | . . . . . . . . . . . . . . . . . . . . . . . . . Reprogrammed 1 | . . . . . 1 . . . . . . . . . . . . . . . . . . . Reused . | . . . . . . . . . . . . . . . . . . . . . . . . . Traps Extracted . | . . . . . . . . . . . . . . . . . . . . . . . . . Installed . | . . . . . . . . . . . . . . . . . . . . . . . . . Triggered 2 | . . . . . . . . . . . 1 . . . . . . . . . . 1 . . Machines | -11 -10 -10 -10 -9 -8 -7 -7 -7 -7 -6 -6 -6 -6 -6 -5 -5 -5 -5 -5 -5 -4 -4 -4 -3 ---------- Run | Scr Mat Min Exi Min Mat Fac Low Low Zio Pro Fac Low Low Dat Pro Fac Ext Cet Arc Hub Fac Upp Upp Res Machines Disabled 28 | . 2 . . 2 1 . . . . 3 1 . . . . 3 2 . 1 3 6 . 1 3 Max in Single Turn 2 | . . . . 1 . . . . . . . . . . . 1 . . . 2 . . 1 . Garrison Access 1 | . . . . . . 1 . . . . . . . . . . . . . . . . . . Network Hub 1 | . . . . . . . . . . . . . . . . . . . . 1 . . . . Energy Cycler 1 | . . . . . . . . . . . . . . . . . 1 . . . . . . . Machines Sabotaged . | . . . . . . . . . . . . . . . . . . . . . . . . . Garrisons Compromised 1 | . . . . . . . . . . . 1 . . . . . . . . . . . . . Overloaded Fab Kills . | . . . . . . . . . . . . . . . . . . . . . . . . . Fab Network Shutdowns 1 | . . . . . . 1 . . . . . . . . . . . . . . . . . . Hacking | -11 -10 -10 -10 -9 -8 -7 -7 -7 -7 -6 -6 -6 -6 -6 -5 -5 -5 -5 -5 -5 -4 -4 -4 -3 --------- Run | Scr Mat Min Exi Min Mat Fac Low Low Zio Pro Fac Low Low Dat Pro Fac Ext Cet Arc Hub Fac Upp Upp Res Machines Accessed 36 | . 6 . 1 . 5 6 . . . 1 4 . 1 3 . 5 . . . . 2 . . 2 Terminals 12 | . 4 . . . 4 3 . . . 1 . . . . . . . . . . . . . . Fabricators 2 | . . . . . . 1 . . . . . . . . . 1 . . . . . . . . Repair Stations 3 | . . . . . . 1 . . . . . . . . . 2 . . . . . . . . Recycling Units 6 | . 2 . . . . . . . . . 1 . . . . . . . . . 1 . . 2 Scanalyzers 5 | . . . . . 1 . . . . . 1 . . . . 2 . . . . 1 . . . Garrison Access 3 | . . . . . . 1 . . . . 2 . . . . . . . . . . . . . Total Hacks 112 | . 19 . 1 . 13 12 . . . 5 12 . 1 18 . 16 . . . . 7 . . 8 Successful 63 | . 11 . 1 . 3 7 . . . 5 8 . 1 18 . 4 . . . . 2 . . 3 Failed 48 | . 7 . . . 10 5 . . . . 4 . . . . 12 . . . . 5 . . 5 Catastrophic 3 | . . . . . . 1 . . . . 1 . . . . 1 . . . . . . . . Database Lockouts 1 | . 1 . . . . . . . . . . . . . . . . . . . . . . . Manual 105 | . 7 . . . 6 7 . . . . 21 . . . . 5 23 12 . 7 8 . . 9 Terminals 37 | . 14 . . . 12 6 . . . 5 . . . . . . . . . . . . . . Fabricators 8 | . . . . . . 3 . . . . . . . . . 5 . . . . . . . . Repair Stations 7 | . . . . . . 2 . . . . . . . . . 5 . . . . . . . . Recycling Units 21 | . 5 . . . . . . . . . 4 . . . . . . . . . 4 . . 8 Scanalyzers 14 | . . . . . 1 . . . . . 4 . . . . 6 . . . . 3 . . . Garrison Access 5 | . . . . . . 1 . . . . 4 . . . . . . . . . . . . . Terminal Hacks 36 | . 6 . 1 . 2 3 . . . 5 . . 1 18 . . . . . . . . . . Record 12 | . . . 1 . . . . . . 5 . . . 6 . . . . . . . . . . Part Schematic 6 | . . . . . . . . . . . . . . 6 . . . . . . . . . . Robot Schematic 5 | . . . . . . 2 . . . . . . . 3 . . . . . . . . . . Robot Analysis 3 | . 2 . . . 1 . . . . . . . . . . . . . . . . . . . Prototype ID Bank 5 | . 2 . . . . . . . . . . . . 3 . . . . . . . . . . Open Door 1 | . . . . . . . . . . . . . 1 . . . . . . . . . . . Branch Access Points 1 | . . . . . . 1 . . . . . . . . . . . . . . . . . . Unreport Threat 1 | . . . . . 1 . . . . . . . . . . . . . . . . . . . Hauler Manifests 1 | . 1 . . . . . . . . . . . . . . . . . . . . . . . Zone Layout 1 | . 1 . . . . . . . . . . . . . . . . . . . . . . . Fabricator Hacks 2 | . . . . . . 1 . . . . . . . . . 1 . . . . . . . . Load Schematic 1 | . . . . . . . . . . . . . . . . 1 . . . . . . . . Build 1 | . . . . . . 1 . . . . . . . . . . . . . . . . . . Repair Station Hacks 2 | . . . . . . . . . . . . . . . . 2 . . . . . . . . Scan Component 1 | . . . . . . . . . . . . . . . . 1 . . . . . . . . Repair 1 | . . . . . . . . . . . . . . . . 1 . . . . . . . . Recycling Unit Hacks 7 | . 2 . . . . . . . . . 1 . . . . . . . . . 1 . . 3 Retrieve Components 7 | . 2 . . . . . . . . . 1 . . . . . . . . . 1 . . 3 Scanalyzer 7 | . . . . . 1 . . . . . 4 . . . . 1 . . . . 1 . . . Insert Component 5 | . . . . . 1 . . . . . 2 . . . . 1 . . . . 1 . . . Analyze 2 | . . . . . . . . . . . 2 . . . . . . . . . . . . . Garrison Access Hacks 1 | . . . . . . 1 . . . . . . . . . . . . . . . . . . Seal Access 1 | . . . . . . 1 . . . . . . . . . . . . . . . . . . Unauthorized Hacks 8 | . 3 . . . . 2 . . . . 3 . . . . . . . . . . . . . Terminals 1 | . 1 . . . . . . . . . . . . . . . . . . . . . . . Botnet 1 | . 1 . . . . . . . . . . . . . . . . . . . . . . . Fabricators 1 | . . . . . . 1 . . . . . . . . . . . . . . . . . . Prioritize 1 | . . . . . . 1 . . . . . . . . . . . . . . . . . . Repair Stations 1 | . . . . . . 1 . . . . . . . . . . . . . . . . . . Mechanics 1 | . . . . . . 1 . . . . . . . . . . . . . . . . . . Recycling Units 3 | . 2 . . . . . . . . . 1 . . . . . . . . . . . . . Mask 1 | . . . . . . . . . . . 1 . . . . . . . . . . . . . Tunnel 2 | . 2 . . . . . . . . . . . . . . . . . . . . . . . Scanalyzers . | . . . . . . . . . . . . . . . . . . . . . . . . . Garrison Access 2 | . . . . . . . . . . . 2 . . . . . . . . . . . . . Reprogram 2 | . . . . . . . . . . . 2 . . . . . . . . . . . . . Data Cores Recovered . | . . . . . . . . . . . . . . . . . . . . . . . . . Used . | . . . . . . . . . . . . . . . . . . . . . . . . . Hacking Detections 23 | . 4 . . . 5 4 . . . . 2 . . . . 5 . . . . 1 . . 2 Full Trace Events 9 | . . . . . 3 1 . . . . 1 . . . . 4 . . . . . . . . Feedback Events 2 | . . . . . . 1 . . . . . . . . . 1 . . . . . . . . Corruption 1 | . . . . . . 1 . . . . . . . . . . . . . . . . . . Hackware Fried 1 | . . . . . . . . . . . . . . . . 1 . . . . . . . . Feedback Blocked . | . . . . . . . . . . . . . . . . . . . . . . . . . Robot Schematics Acquired 13 | . . . . . . 2 . . . . 3 . . 3 . . 5 . . . . . . . Robots Built 3 | . . . . . . 3 . . . . . . . . . . . . . . . . . . Matter 219 | . . . . . . 219 . . . . . . . . . . . . . . . . . . Time 116 | . . . . . . 116 . . . . . . . . . . . . . . . . . . Total Robot Build Rating 9 | . . . . . . 9 . . . . . . . . . . . . . . . . . . Part Schematics Acquired 47 | . . . . . . . . . . . 1 . . 6 . . 28 12 . . . . . . Parts Built . | . . . . . . . . . . . . . . . . . . . . . . . . . Matter . | . . . . . . . . . . . . . . . . . . . . . . . . . Time . | . . . . . . . . . . . . . . . . . . . . . . . . . Total Part Build Rating . | . . . . . . . . . . . . . . . . . . . . . . . . . Parts Repaired 1 | . . . . . . . . . . . . . . . . 1 . . . . . . . . Time 25 | . . . . . . . . . . . . . . . . 25 . . . . . . . . Parts Recycled . | . . . . . . . . . . . . . . . . . . . . . . . . . Recycled Matter . | . . . . . . . . . . . . . . . . . . . . . . . . . Retrieved Matter . | . . . . . . . . . . . . . . . . . . . . . . . . . Retrieved Components 13 | . 7 . . . . . . . . . 2 . . . . . . . . . 1 . . 3 Parts Scanalyzed 3 | . . . . . . . . . . . 2 . . . . 1 . . . . . . . . Part Schematics Acquired 1 | . . . . . . . . . . . 1 . . . . . . . . . . . . . Parts Damaged . | . . . . . . . . . . . . . . . . . . . . . . . . . Bothacking | -11 -10 -10 -10 -9 -8 -7 -7 -7 -7 -6 -6 -6 -6 -6 -5 -5 -5 -5 -5 -5 -4 -4 -4 -3 ------------ Run | Scr Mat Min Exi Min Mat Fac Low Low Zio Pro Fac Low Low Dat Pro Fac Ext Cet Arc Hub Fac Upp Upp Res Used RIF Installer . | . . . . . . . . . . . . . . . . . . . . . . . . . Robots Hacked . | . . . . . . . . . . . . . . . . . . . . . . . . . Non-combat . | . . . . . . . . . . . . . . . . . . . . . . . . . Combat . | . . . . . . . . . . . . . . . . . . . . . . . . . Robot Hacks Applied . | . . . . . . . . . . . . . . . . . . . . . . . . . Relay Couplers Released . | . . . . . . . . . . . . . . . . . . . . . . . . . Robots Rewired 11 | . . . . . . . . . . . . . . . . . 8 . . . . . 3 . Allies Hacked 1 | . . . . . . . . . . . 1 . . . . . . . . . . . . . Hacks Repelled . | . . . . . . . . . . . . . . . . . . . . . . . . . Allies | -11 -10 -10 -10 -9 -8 -7 -7 -7 -7 -6 -6 -6 -6 -6 -5 -5 -5 -5 -5 -5 -4 -4 -4 -3 -------- Run | Scr Mat Min Exi Min Mat Fac Low Low Zio Pro Fac Low Low Dat Pro Fac Ext Cet Arc Hub Fac Upp Upp Res Total Allies 46 | . 1 . . . . 3 . . 4 . 7 . . . 1 6 11 6 . . . . 3 4 Largest Group 8 | . 1 1 1 1 1 4 4 2 5 5 7 4 2 1 2 4 8 8 8 7 1 1 4 5 Highest-Rated Group 491 | . 63 63 63 63 83 147 147 115 249 249 409 280 145 116 211 340 371 451 451 425 157 157 295 491 Highest-Rated Ally 177 | . 63 63 63 63 83 99 99 99 99 99 116 116 116 116 117 130 133 143 145 150 157 157 157 177 Zionite Dispatches 11 | . . . . . . . . . . . 3 . . . . 2 1 2 . 1 . . . 2 Heavy 1 | . . . . . . . . . . . . . . . . . . 1 . . . . . . Light 4 | . . . . . . . . . . . 1 . . . . 2 . . . . . . . 1 Recon 2 | . . . . . . . . . . . 1 . . . . . . . . 1 . . . . Fire 1 | . . . . . . . . . . . . . . . . . . 1 . . . . . . Kinetic Resupply 1 | . . . . . . . . . . . . . . . . . 1 . . . . . . . Heavy Resupply 1 | . . . . . . . . . . . . . . . . . . . . . . . . 1 Hover Resupply 1 | . . . . . . . . . . . 1 . . . . . . . . . . . . . Total Orders 18 | . . . . . . . . . . . 1 2 . . . . 9 . . 3 . 1 . 2 STAY 6 | . . . . . . . . . . . . . . . . . 4 . . 1 . . . 1 FOLLOW 4 | . . . . . . . . . . . . . . . . . 4 . . . . . . . DROP 3 | . . . . . . . . . . . 1 . . . . . 1 . . . . . . 1 EXPLORE 4 | . . . . . . . . . . . . 2 . . . . . . . 1 . 1 . . RETURN 1 | . . . . . . . . . . . . . . . . . . . . 1 . . . . Ally Attacks 606 | . 22 9 . 22 25 21 11 3 . 49 54 31 19 . 20 28 66 21 17 29 23 4 7 125 Total Damage 38621 | . 586 329 . 531 1187 539 146 149 . 1598 1234 566 816 . 910 1244 2956 725 1059 1977 1589 123 488 19869 Kills 231 | . 9 4 . 10 13 7 3 2 . 15 14 4 1 . 3 7 22 2 4 17 8 3 5 78 Allies Corrupted . | . . . . . . . . . . . . . . . . . . . . . . . . . Allies Melted 3 | . . . . . . . . . . . . . . . . . 3 . . . . . . . Intel | -11 -10 -10 -10 -9 -8 -7 -7 -7 -7 -6 -6 -6 -6 -6 -5 -5 -5 -5 -5 -5 -4 -4 -4 -3 ------- Run | Scr Mat Min Exi Min Mat Fac Low Low Zio Pro Fac Low Low Dat Pro Fac Ext Cet Arc Hub Fac Upp Upp Res Robot Analysis Total 3 | . 2 . . . 1 . . . . . . . . . . . . . . . . . . . Derelict Logs Recovered 13 | . . 2 . 1 . . 3 1 1 2 . . . . 1 . . . . . . 2 . . Drone Launches 4 | . . . . . . . . . . . . 2 . . . . . . . 1 . 1 . . Drone Recoveries 3 | . . . . . . . . . . . . 2 . . . . . . . 1 . . . . Zionite Intel Received 12 | . . . . . . . . . . . 2 . . . . . 6 2 . 1 1 . . . Branch Access 3 | . . . . . . . . . . . 1 . . . . . 1 . . . 1 . . . Emergency Access 1 | . . . . . . . . . . . . . . . . . . 1 . . . . . . Component Stockpiles 1 | . . . . . . . . . . . . . . . . . 1 . . . . . . . Prototype Stockpiles 1 | . . . . . . . . . . . . . . . . . 1 . . . . . . . Component Schematics 2 | . . . . . . . . . . . . . . . . . 2 . . . . . . . Prototype Schematics 1 | . . . . . . . . . . . . . . . . . . 1 . . . . . . Unaware Schematics 2 | . . . . . . . . . . . 1 . . . . . 1 . . . . . . . Unaware Analyses 1 | . . . . . . . . . . . . . . . . . . . . 1 . . . . Exploration | -11 -10 -10 -10 -9 -8 -7 -7 -7 -7 -6 -6 -6 -6 -6 -5 -5 -5 -5 -5 -5 -4 -4 -4 -3 ------------- Run | Scr Mat Min Exi Min Mat Fac Low Low Zio Pro Fac Low Low Dat Pro Fac Ext Cet Arc Hub Fac Upp Upp Res Turns Passed 24139 | 110 881 800 455 822 1260 1103 1347 1084 2320 1472 1118 1253 1200 130 836 695 1378 226 569 652 337 1284 1672 1135 Spaces Moved 13019 | 75 549 385 225 366 482 692 876 689 1276 843 651 781 723 82 521 422 788 112 50 265 180 621 974 391 Core 11 | 6 . . . . . . . . . . . . . . . . . . . . . . . 5 Treads 2593 | . . . . . . . . . . . . . . . . . 5 112 50 265 180 621 974 386 Legs 9171 | 69 549 385 225 366 482 692 876 689 1276 843 651 781 723 82 482 . . . . . . . . . Wheels 1244 | . . . . . . . . . . . . . . . 39 422 783 . . . . . . . Hover . | . . . . . . . . . . . . . . . . . . . . . . . . . Flight . | . . . . . . . . . . . . . . . . . . . . . . . . . Fastest Speed 50 | 50 120 120 200 200 120 120 122 125 125 125 125 125 125 125 120 115 130 163 163 163 160 160 160 50 Average Speed 138 | 114 120 187 200 200 120 120 123 125 129 128 133 132 125 125 121 128 130 163 163 163 160 160 160 159 Slowest Speed 205 | 120 120 200 200 200 200 122 125 125 130 130 205 205 125 125 130 130 163 163 163 163 163 160 160 170 Overloaded Moves . | . . . . . . . . . . . . . . . . . . . . . . . . . Propulsion Burnouts . | . . . . . . . . . . . . . . . . . . . . . . . . . Robots Hopped . | . . . . . . . . . . . . . . . . . . . . . . . . . Cave-ins Triggered . | . . . . . . . . . . . . . . . . . . . . . . . . . Exploration Rate (%) 59 | 4 62 75 61 86 36 16 95 76 91 87 19 90 70 73 65 12 87 64 81 26 9 98 86 12 Regions Visited 24 Branch Regions 17 Pre-discovered Areas 6 | . 2 1 1 . . . . 1 . . . . . 1 . . . . . . . . . . Known Exits Taken 10 | . . . . . 1 1 . . . . 1 . . . 1 1 1 . . 1 1 1 1 . Unknown Exits Taken 14 | 1 1 1 1 1 . . 1 1 1 1 . 1 1 1 . . . 1 1 . . . . . Scrap Searched 22 | . . 1 . 1 . . 3 1 3 3 . 2 2 . 2 . . . . . . 3 1 . Spaces Dug 31 | . . . . . . . 1 . . . 5 . . . 11 8 . . . . . 2 4 . Terrain Destroyed 684 | . . . . . 69 . 1 3 . 28 6 55 21 . 43 35 44 1 3 183 12 25 25 130 Melee 6 | . . . . . . . 1 . . . 5 . . . . . . . . . . . . . Projectile 298 | . . . . . . . . . . . 1 16 21 . 43 35 44 1 3 9 12 13 7 93 AOE 380 | . . . . . 69 . . 3 . 28 . 39 . . . . . . . 174 . 12 18 37 Terrain Rammed . | . . . . . . . . . . . . . . . . . . . . . . . . . Walls Destroyed . | . . . . . . . . . . . . . . . . . . . . . . . . . Machines Disabled . | . . . . . . . . . . . . . . . . . . . . . . . . . Actions | -11 -10 -10 -10 -9 -8 -7 -7 -7 -7 -6 -6 -6 -6 -6 -5 -5 -5 -5 -5 -5 -4 -4 -4 -3 --------- Run | Scr Mat Min Exi Min Mat Fac Low Low Zio Pro Fac Low Low Dat Pro Fac Ext Cet Arc Hub Fac Upp Upp Res Total 18406 | 96 730 452 231 420 1134 954 1124 865 1940 1198 894 981 994 109 681 523 1067 149 532 458 206 894 1073 701 Wait 4451 | 8 140 39 7 28 580 213 232 128 629 306 171 168 254 28 125 52 172 20 481 159 6 260 66 179 Move 12996 | 74 548 384 224 365 481 691 875 688 1275 842 650 780 722 81 520 421 787 111 49 265 179 620 973 391 Hop . | . . . . . . . . . . . . . . . . . . . . . . . . . Pick Up 93 | 6 9 5 . 2 14 13 2 3 4 3 10 4 . . . 4 2 4 . 1 2 1 . 4 Fast Attach 92 | 6 1 2 . 1 6 8 1 3 9 6 13 4 1 . 6 6 5 3 . 2 1 . . 8 Attach 30 | . . . . . 5 1 . 2 . 2 . 1 . . 4 3 1 1 . . 2 . . 8 Detach 31 | . . . . . 1 3 . . 5 2 6 2 . . 1 4 2 . . . 4 . . 1 Swap 109 | . 3 4 . 1 15 4 4 10 7 9 13 5 6 . . 3 . . . 6 2 4 4 9 Drop 141 | . 7 10 . 4 13 16 3 6 10 11 24 7 1 . 6 5 3 7 . 3 1 1 . 3 Fire 332 | . 21 8 . 19 16 5 6 25 . 17 1 10 10 . 19 25 28 3 2 7 9 8 8 85 Melee 13 | . . . . . . . 1 . 1 . 6 . . . . . . . . . . . . 5 Ram . | . . . . . . . . . . . . . . . . . . . . . . . . . Kick 3 | 2 1 . . . . . . . . . . . . . . . . . . . . . . . Crush 24 | . . . . . . . . . . . . . . . . . 1 . . 15 . . . 8 Escape Stasis . | . . . . . . . . . . . . . . . . . . . . . . . . . Rewire 88 | . . . . . . . . . . . . . . . . . 66 . . . . . 22 . Trap 3 | . . . . . 3 . . . . . . . . . . . . . . . . . . . Miscellaneous . | . . . . . . . . . . . . . . . . . . . . . . . . . Route ------- -11/Scrapyard -10/Materials (discovered 3 exits: [*Mat x2] / [*Min]) -10/Mines (discovered 2 exits: [*Mat] / *Exi) -10/Exiles -9/Mines -8/Materials -7/Factory (discovered 4 exits: *Fac / Sto / *Low x2) -7/Lower Caves -7/Lower Caves -7/Zion -6/Proximity Caves -6/Factory (discovered 6 exits: Fac x4 / *Low x2) -6/Lower Caves -6/Lower Caves -6/Data Miner -5/Proximity Caves -5/Factory -5/Extension (discovered 3 exits: *Fac x2 / *Cet) -5/Cetus -5/Archives -5/Hub_04(d) (discovered 2 exits: *Fac x2) -4/Factory (discovered 2 exits: *Upp x2) -4/Upper Caves -4/Upper Caves (discovered 2 exits: *Res / *War) -3/Research (discovered 2 exits: Res / Arm) History --------- Turn | Location | Event 3 | -11/Scrapyard | Discovered new exit (range 15) 111 | -11/Scrapyard | Entered Materials 314 | -10/Materials | Build established: Mutant 383 | -10/Materials | Discovered new exit (range 9) 415 | -10/Materials | Central database locked down 421 | -10/Materials | Discovered new exit (range 9) 518 | -10/Materials | Discovered new exit (range 16) 992 | -10/Materials | Entered Mines 992 | -10/Mines | Accompanied by 1 ally 1054 | -10/Mines | Discovered new exit (range 9) 1090 | -10/Mines | Joined a pair of Derelicts in attacking an 0b10 outpost 1237 | -10/Mines | Learned location of Zion (-7) 1248 | -10/Mines | Received a Rocket Launcher from a helpful Derelict 1334 | -10/Mines | Assembled infested the area 1593 | -10/Mines | Learned 2 Materials zone layouts 1697 | -10/Mines | Found Prototype Device 1780 | -10/Mines | Deemed a non-threat by the Exiles lab entrance 1782 | -10/Mines | Discovered new exit (range 5) 1792 | -10/Mines | Entered Exiles 1792 | -10/Exiles | Accompanied by 1 ally 1842 | -10/Exiles | Met 8R-AWN 1874 | -10/Exiles | Met EX-HEX 1972 | -10/Exiles | Met EX-DEC 2050 | -10/Exiles | Met EX-BIN 2222 | -10/Exiles | Discovered new exit (range 14) 2247 | -10/Exiles | Entered Mines 2247 | -9/Mines | Accompanied by 1 ally 2325 | -9/Mines | Learned Materials stockpile data 2347 | -9/Mines | Core integrity fell below 50% 3024 | -9/Mines | Discovered new exit (range 6) 3035 | -9/Mines | Core integrity fell below 20% 3069 | -9/Mines | Entered Materials 3069 | -8/Materials | Accompanied by 1 ally 3069 | -8/Materials | Evolved 4 slots: Propulsion x2, Utility x1, Weapon x1 3350 | -8/Materials | Build established: Scavenger-Gunner 3364 | -8/Materials | Garrison activated, responded to threat 3377 | -8/Materials | Identified Decoy Drone Bay 3858 | -8/Materials | Build established: Scavenger-Tank 4304 | -8/Materials | Discovered new exit (range 9) 4324 | -8/Materials | Identified exit to Factory 4329 | -8/Materials | Entered Factory 4329 | -7/Factory | Accompanied by 1 ally 4329 | -7/Factory | Evolved 2 slots: Utility x2 4580 | -7/Factory | Discovered new exit (range 6) 4843 | -7/Factory | Identified exit to Storage 4843 | -7/Factory | Identified exit to Lower Caves 4869 | -7/Factory | Build established: Hacker-Tank 5041 | -7/Factory | Fabricated G-47 Trooper? 5041 | -7/Factory | Local fabrication network quarantined 5432 | -7/Factory | Entered Lower Caves 5432 | -7/Lower Caves | Accompanied by 4 allies 5546 | -7/Lower Caves | Build established: Scavenger-Tank 6021 | -7/Lower Caves | Encountered a Warlord checkpoint 6173 | -7/Lower Caves | Spotted B-75 Beast 6650 | -7/Lower Caves | Discovered new exit (range 8) 6722 | -7/Lower Caves | Learned location of 1 exit from Factory 6779 | -7/Lower Caves | Entered another Lower Caves area 6779 | -7/Lower Caves | Accompanied by 2 allies 6967 | -7/Lower Caves | Encountered a Warlord checkpoint 7445 | -7/Lower Caves | Spotted B-75 Beast 7477 | -7/Lower Caves | Allies destroyed B-75 Beast 7640 | -7/Lower Caves | Discovered new exit (range 9) 7863 | -7/Lower Caves | Entered Zion 7863 | -7/Zion | Accompanied by 1 ally 7901 | -7/Zion | System corruption reached 10% 7906 | -7/Zion | System corruption cleaned by Quarantine Array 7926 | -7/Zion | Discovered new exit (range 20) 8253 | -7/Zion | Build established: Derelict-Tank 8448 | -7/Zion | Received a hallucinogenic algorithm 8913 | -7/Zion | Acquired unknown access codes intercepted by a Zionite 9072 | -7/Zion | Found Prototype Processor 9072 | -7/Zion | Identified Exp. Armor Integrity Analyzer 9076 | -7/Zion | Found Prototype Processor 9076 | -7/Zion | Identified Exp. Melee Analysis Suite 9079 | -7/Zion | Found Prototype Processor 9079 | -7/Zion | Identified Exp. Targeting Computer 9088 | -7/Zion | Found Prototype Processor 9088 | -7/Zion | Identified Exp. Target Analyzer 9097 | -7/Zion | Found Prototype Hackware 9224 | -7/Zion | System corruption cleaned by Quarantine Array 9626 | -7/Zion | Imprinted 9629 | -7/Zion | Declared Zion's savior 10183 | -7/Zion | Entered Proximity Caves 10183 | -6/Proximity Caves | Accompanied by 5 allies 10629 | -6/Proximity Caves | Attracted the attention of an 0b10 checkpoint 10933 | -6/Proximity Caves | Discovered new exit (range 12) 11067 | -6/Proximity Caves | Spotted B-75 Beast 11108 | -6/Proximity Caves | Allies destroyed B-75 Beast 11224 | -6/Proximity Caves | Attracted the attention of an 0b10 base 11266 | -6/Proximity Caves | Learned Factory terminal intel 11269 | -6/Proximity Caves | Learned location of 1 exit from Research 11269 | -6/Proximity Caves | Learned Extension emergency access door positions 11269 | -6/Proximity Caves | Learned Factory security intel 11654 | -6/Proximity Caves | Identified Exp. System Shield 11655 | -6/Proximity Caves | Entered Factory 11655 | -6/Factory | Accompanied by 1 ally 11655 | -6/Factory | Evolved 2 slots: Utility x2 11656 | -6/Factory | Identified exit to Factory 11656 | -6/Factory | Identified exit to Lower Caves 11659 | -6/Factory | Loaded intel: 20 terminal locations 11675 | -6/Factory | Build established: Scavenger-Gunner 11774 | -6/Factory | Retrieved Zion intel report: Branch Access 11857 | -6/Factory | Retrieved Zion intel report: Unaware Schematics 11858 | -6/Factory | Zion Light squad teleported in 11916 | -6/Factory | Zion Recon squad teleported in 12028 | -6/Factory | Build established: Scavenger-Mutant 12290 | -6/Factory | Zion Hover Resupply teleported in 12488 | -6/Factory | Build established: Scavenger-Tank 12507 | -6/Factory | Allied Derelicts ambushed cargo convoy from Garrison Access 12507 | -6/Factory | Cargo convoy interrupted 12533 | -6/Factory | Found Prototype Launcher 12556 | -6/Factory | Identified Mni. Smartbomb Launcher 12598 | -6/Factory | Found Prototype Device 12598 | -6/Factory | Identified EM Dispersion Field 12622 | -6/Factory | Found Prototype Protection 12622 | -6/Factory | Identified Zio. Weapon Casing 12647 | -6/Factory | Found Prototype Slashing Weapon 12647 | -6/Factory | Identified Nanosword 12656 | -6/Factory | Found EM Dispersion Field 12773 | -6/Factory | Entered Lower Caves 12773 | -6/Lower Caves | Accompanied by 4 allies 12797 | -6/Lower Caves | Encountered a Warlord checkpoint 12931 | -6/Lower Caves | Attracted the attention of an 0b10 outpost 13331 | -6/Lower Caves | Found Zio. Weapon Casing 13485 | -6/Lower Caves | Discovered new exit (range 8) 14026 | -6/Lower Caves | Entered another Lower Caves area 14026 | -6/Lower Caves | Accompanied by 2 allies 14099 | -6/Lower Caves | Spotted B-75 Beast 14129 | -6/Lower Caves | Destroyed B-75 Beast 14166 | -6/Lower Caves | Encountered a Warlord checkpoint 14677 | -6/Lower Caves | Discovered new exit (range 9) 14748 | -6/Lower Caves | Build established: Tank 15226 | -6/Lower Caves | Entered Data Miner 15226 | -6/Data Miner | Accompanied by 1 ally 15226 | -6/Data Miner | Discovered new exit (range 6) 15245 | -6/Data Miner | Met Data Miner 15276 | -6/Data Miner | Learned location of Section 7 (-2) 15276 | -6/Data Miner | Acquired the access code to Warlord's prototype stash 15295 | -6/Data Miner | Received God Mode back door access code from Data Miner 15356 | -6/Data Miner | Entered Proximity Caves 15356 | -5/Proximity Caves | Accompanied by 1 ally 15405 | -5/Proximity Caves | Escorted by Enhanced Grunt 15728 | -5/Proximity Caves | Learned Factory interactive machine intel 15954 | -5/Proximity Caves | Build established: Scavenger-Tank 16067 | -5/Proximity Caves | Discovered exit to Factory (range 7) 16137 | -5/Proximity Caves | Lost 3 parts (2n1u) 16192 | -5/Proximity Caves | Entered Factory 16192 | -5/Factory | Accompanied by 1 ally 16192 | -5/Factory | Evolved 2 slots: Propulsion x1, Weapon x1 16193 | -5/Factory | Identified exit to Extension 16194 | -5/Factory | Loaded intel: 48 interactive machine locations 16314 | -5/Factory | Zion Light squad teleported in 16323 | -5/Factory | Repaired Imp. Heavy Armor Plating? 16585 | -5/Factory | Incoming investigation squad redirected 16831 | -5/Factory | Mak. Hacking Suite fried by hacking feedback 16860 | -5/Factory | Incoming investigation squad redirected 16863 | -5/Factory | Incoming investigation squad redirected 16878 | -5/Factory | Zion Light squad teleported in 16887 | -5/Factory | Entered Extension 16887 | -5/Extension | Accompanied by 4 allies 16897 | -5/Extension | Rescued a captive Derelict 16899 | -5/Extension | Rescued a captive Derelict 16900 | -5/Extension | Rescued a captive Derelict 16905 | -5/Extension | Rescued a captive Derelict 16908 | -5/Extension | Rescued a captive Derelict 16908 | -5/Extension | Rescued a captive Derelict 16914 | -5/Extension | Rescued a captive Derelict 16916 | -5/Extension | Rescued a captive Derelict 16922 | -5/Extension | Rescued a captive Derelict 16922 | -5/Extension | Rescued a captive Derelict 16931 | -5/Extension | Rescued a captive Derelict 16937 | -5/Extension | Zion Kinetic Resupply teleported in 16942 | -5/Extension | Found Zio. Weapon Casing 16944 | -5/Extension | Found Zio. Weapon Casing 17211 | -5/Extension | Retrieved Zion intel report: Branch Access 17211 | -5/Extension | Identified exit to Cetus 17232 | -5/Extension | Retrieved Zion intel report: Component Stockpiles 17782 | -5/Extension | Build established: Commander-Tank 17801 | -5/Extension | Spotted B-75 Beast 17822 | -5/Extension | Allies destroyed B-75 Beast 17835 | -5/Extension | Discovered new exit (range 19) 17837 | -5/Extension | Spotted B-75 Beast 17865 | -5/Extension | Destroyed B-75 Beast 17926 | -5/Extension | Extracted ID and sensor layout for unrecognized location from A7's data core 17950 | -5/Extension | Retrieved Zion intel report: Prototype Stockpiles 18009 | -5/Extension | Retrieved Zion intel report: Unaware Schematics 18037 | -5/Extension | Retrieved Zion intel report: Component Schematics 18181 | -5/Extension | Retrieved Zion intel report: Component Schematics 18223 | -5/Extension | Discovered new exit (range 10) 18265 | -5/Extension | Entered Cetus 18265 | -5/Cetus | Accompanied by 6 allies 18286 | -5/Cetus | Spotted Cetus Guard 18286 | -5/Cetus | Spotted Cetus Guard 18290 | -5/Cetus | Spotted Cetus Guard 18290 | -5/Cetus | Destroyed Cetus Guard 18290 | -5/Cetus | Destroyed Cetus Guard 18293 | -5/Cetus | Spotted Cetus Guard 18317 | -5/Cetus | Destroyed Cetus Guard 18320 | -5/Cetus | Allies destroyed Cetus Guard 18380 | -5/Cetus | Build established: Scavenger-Tank 18399 | -5/Cetus | Retrieved Zion intel report: Prototype Schematics 18400 | -5/Cetus | Zion Heavy squad teleported in 18445 | -5/Cetus | Retrieved Zion intel report: Emergency Access 18446 | -5/Cetus | Zion Fire squad teleported in 18458 | -5/Cetus | Discovered new exit (range 20) 18491 | -5/Cetus | Entered Archives 18491 | -5/Archives | Accompanied by 8 allies 18541 | -5/Archives | Discovered new exit (range 17) 19060 | -5/Archives | Entered Hub_04(d) 19060 | -5/Hub_04(d) | Accompanied by 7 allies 19081 | -5/Hub_04(d) | Incoming investigation squad redirected 19135 | -5/Hub_04(d) | Incoming investigation squad redirected 19218 | -5/Hub_04(d) | Discovered new exit (range 19) 19247 | -5/Hub_04(d) | Identified exit to Factory 19340 | -5/Hub_04(d) | Discovered exit to Factory (range 19) 19411 | -5/Hub_04(d) | Retrieved Zion intel report: Unaware Analyses 19412 | -5/Hub_04(d) | Zion Recon squad teleported in 19628 | -5/Hub_04(d) | Network Hub disabled 19712 | -5/Hub_04(d) | Spotted Lightning 19712 | -5/Hub_04(d) | Spotted Lightning 19712 | -5/Hub_04(d) | Spotted Lightning 19712 | -5/Hub_04(d) | Spotted Lightning 19712 | -5/Hub_04(d) | Entered Factory 19712 | -4/Factory | Accompanied by 1 ally 19712 | -4/Factory | Evolved 2 slots: Power x1, Propulsion x1 19853 | -4/Factory | Found Prototype Device 19853 | -4/Factory | Identified Active Sensor Suite 19913 | -4/Factory | Retrieved Zion intel report: Branch Access 19913 | -4/Factory | Identified exit to Upper Caves 20007 | -4/Factory | Build established: Scavenger-Skirmisher 20049 | -4/Factory | Entered Upper Caves 20049 | -4/Upper Caves | Accompanied by 1 ally 20424 | -4/Upper Caves | Learned 4 Research zone layouts 20999 | -4/Upper Caves | Discovered new exit (range 5) 21004 | -4/Upper Caves | Identified exit to Upper Caves 21333 | -4/Upper Caves | Entered another Upper Caves area 21333 | -4/Upper Caves | Accompanied by 1 ally 22087 | -4/Upper Caves | Discovered new exit (range 11) 22103 | -4/Upper Caves | Identified exit to Warlord 22190 | -4/Upper Caves | Attacked by a delusional Derelict stockpiling Unaware 22807 | -4/Upper Caves | Discovered new exit (range 7) 23001 | -4/Upper Caves | Identified exit to Research 23005 | -4/Upper Caves | Entered Research 23005 | -3/Research | Accompanied by 4 allies 23005 | -3/Research | Evolved 2 slots: Utility x2 23006 | -3/Research | Identified exit to Armory 23007 | -3/Research | Identified exit to Research 23217 | -3/Research | Zion Heavy Resupply teleported in 23379 | -3/Research | Zion Light squad teleported in 23399 | -3/Research | Garrison activated, responded to threat 23505 | -3/Research | First assault squad dispatched 23632 | -3/Research | Spotted B-86 Titan 23653 | -3/Research | Destroyed B-86 Titan 23656 | -3/Research | High security lockdown imminent 23676 | -3/Research | Found Zio. Weapon Casing 23736 | -3/Research | High security lockdown engaged 23848 | -3/Research | Spotted B-86 Titan 23869 | -3/Research | Destroyed B-86 Titan 23894 | -3/Research | Spotted Striker 23916 | -3/Research | System corruption reached 10% 23921 | -3/Research | Destroyed Striker 23945 | -3/Research | Spotted Investigator 23945 | -3/Research | Allies destroyed Investigator 23958 | -3/Research | Lost 5 parts (1n4u) 23977 | -3/Research | Destroyed 10 combat bots 24125 | -3/Research | Core integrity fell below 50% 24136 | -3/Research | Released all parts (7) 24137 | -3/Research | Core integrity fell below 20% 24140 | -3/Research | Core destroyed Last Messages --------------- 24130_ Player 2 removes Prototype Reactor. 24131_ Player 2 removes Unknown Ballistic Gun. 24131_ Player 2 removes Prototype Ballistic Cannon. 24132_ Player 2 removes Med. Storage Unit. 24132_ Player 2 system corrupted by crushing effect. 24132_ Player 2 attaches Unknown Ballistic Gun. 24133_ The unstable cave ceiling collapses. 24133_ Critical hit (Burn: +50). Player 2: "Have an extra propulsion unit?" 24133_ Slug penetrates G-67 Veteran. 24133_ B-74 Champion destroyed. 24135_ The unstable cave ceiling collapses. 24136_ Released Adv. Cooling System. 24136_ Released Active Sensor Suite. 24136_ Released Lrg. Storage Unit. 24136_ Released Arm. Heavy Treads. 24136_ Released Nanosword. 24136_ Released Imp. Ion Engine. 24137_ Acquired Arm. Heavy Treads. 24139_ Player 2 attaches Prototype Ballistic Cannon. Map ----- +----------------------------------------------------+ | ????????????????????? #???????????????? | | ???????????????????? ? #???????????????? | | ???????????????????? ?? #???????????????? | | ??????????????????""" """"^ [[###?????????????? | | ??????????????? ""T"" """" [[ #?????????????? | | ??????????????? """" #?????????????? | | ?????????????? """" ###?????????????? | | ?????????????? [ #????#####+#####? | | ?????????????? % ##??? ? | | ?????????????? %"#??? ? | | ????????????????+### ##### ?? | | ???????????????????# ##% # ! ]??? | | ???????????????????# %##%## ????? | | ???????????????????# "%%## ###?????? | | ???????????????????# ]]] ! ; ! #?????? | | ???????????????????# ]] [ !# ! ##????? | | ???????????????????# ]] != # #????? | | ???????????????????# =! = ##????? | | ???????????????????# # ##?? | | ???????????????????# # # #?? | | ???????????????????##;####;;# * # | | ??##????#####??????# = ## # | | ??# ??? #??????# ] = #" =% " | | ??# ??? #?#+#??# % %"%%%!% % | | ??# """" #?# #??# %% "* [%[ | | ??# """" #?# ####= [@ g i % * | | ??# """" #?# ## # g | | ??# """" ### # [ g% ### | | ??# + # # """ | | ??# # ## # [#! """ | | #### ###+### ] [ !!!@= """ | | ] *]l=l g | | /[! / g # ! | | | | ! g % # | | ## # # # %= | | ## % * % # " ## ## | | + # ! # # #%" ? | | # # #### ### ! =!# # #####% # | | # #? #????## # * [g ? # ? | | ?#%#???????? ## = % %# "^ ? | | ?#!#?????????# # % "# # # #? | | ?# #???######## # "%" # ??? | | ## ###? ### # #"### ? ????? | | # ! #?# ## # #?? ! # ????????? | | # #?# # # # "[# # #???####???????????? | | + #?## # !%#####+#??????????????????? | | # #???## #%## ??????????????????????? | | # #?????## #%?????????????????????????? | | # ##?######????????????????????????????????????? | +----------------------------------------------------+ Best States ------------- Heat Dissipation 77 Energy Generation 45 Energy Capacity 590 Matter Stores 300 Matter Capacity 300 Sight Range 20 Robot Scan Range 20 Terrain Scan Density 10 Armor Coverage 1200 Resistance: KI 20 Resistance: EM 75 Propulsion Shielding 66 Weapon Shielding 100 Weapon Cycling 20 Phase Shifting 10 Evasion (%) 55 Targeting Accuracy 12 Armor Integrity Analysis 50 Recoil Reduction 6 Matter Filtering 30 Kinecelleration 40 Offensive Hacking 11 Defensive Hacking 16 Item Schematics ----------------- Prc. Assault Rifle | -6/Factory | Scanalyzed Combat Drone Bay | -6/Data Miner | Free Lgt. Regenerative Plating | -6/Data Miner | Free Exp. Cesium-ion Thruster | -6/Data Miner | Free Triangulator | -6/Data Miner | Free Mni. Smartbomb Launcher | -6/Data Miner | Free Plasma Sword | -6/Data Miner | Free Shock Absorption System | -5/Extension | Z-intel Imp. Targeting Computer | -5/Extension | Z-intel Arm. Medium Treads | -5/Extension | Z-intel Mass Driver | -5/Extension | Z-intel Gyrokinetic Inverter | -5/Extension | Z-intel Disruptor Cannon | -5/Extension | Z-intel Overload Amplifier | -5/Extension | Z-intel Plasma Cutter | -5/Extension | Z-intel Adv. Drone Bay | -5/Extension | Z-intel Fission Core | -5/Extension | Z-intel Arm. Leg | -5/Extension | Z-intel Launcher Guidance Computer | -5/Extension | Z-intel Matter Compressor | -5/Extension | Z-intel Imp. Kinecellerator | -5/Extension | Z-intel Adv. Shield Generator | -5/Extension | Z-intel Fusion Compressor | -5/Extension | Z-intel Hrd. Medium Armor Plating | -5/Extension | Z-intel Thermal Converter | -5/Extension | Z-intel Hvy. Phase Cannon | -5/Extension | Z-intel ECM Suite | -5/Extension | Z-intel Imp. Core Shielding | -5/Extension | Z-intel Datajack | -5/Extension | Z-intel Force Field | -5/Extension | Z-intel Imp. Heavy Armor Plating | -5/Extension | Z-intel Lrn. Missile Launcher | -5/Extension | Z-intel Imp. Plasma Cutter | -5/Extension | Z-intel Imp. Salvage Targeting Computer | -5/Extension | Z-intel Imp. Core Analyzer | -5/Extension | Z-intel Kinetic Spear | -5/Cetus | Z-intel Imp. Energy Well | -5/Cetus | Z-intel Imp. Spread Laser | -5/Cetus | Z-intel Gravity Neutralizing Apparatus | -5/Cetus | Z-intel Imp. Heavy Machine Gun | -5/Cetus | Z-intel Cld. Gravmag System | -5/Cetus | Z-intel Imp. Matter Compressor | -5/Cetus | Z-intel Imp. Heavy Laser | -5/Cetus | Z-intel Hvy. Deuterium Engine | -5/Cetus | Z-intel Cld. Plasma Cannon | -5/Cetus | Z-intel Enh. Fission Core | -5/Cetus | Z-intel Impact Mace | -5/Cetus | Z-intel Robot Schematics ------------------ P-60 Hacker | -7/Factory | Hacked L-41 Fighter | -7/Factory | Hacked R-06 Scavenger | -6/Factory | Z-intel I-36 Angel | -6/Factory | Z-intel G-50 Soldier | -6/Factory | Z-intel S-27 Virus | -6/Data Miner | Free G-67 Veteran | -6/Data Miner | Free H-66 Slayer | -6/Data Miner | Free R-10 Processor | -5/Extension | Z-intel T-07 Excavator | -5/Extension | Z-intel M-22 Extractor | -5/Extension | Z-intel E-15 Imp | -5/Extension | Z-intel B-60 Warrior | -5/Extension | Z-intel Fabricated ------------ G-47 Trooper | x3 | -7/Factory | Preloaded Alien Tech Used ----------------- None Achievements -------------- None Challenges ------------ None Player 2 | -11 -10 -10 -10 -9 -8 -7 -7 -7 -7 -6 -6 -6 -6 -6 -5 -5 -5 -5 -5 -5 -4 -4 -4 -3 ---------- Run | Scr Mat Min Exi Min Mat Fac Low Low Zio Pro Fac Low Low Dat Pro Fac Ext Cet Arc Hub Fac Upp Upp Res Slots Evolved 14 | . . . . 4 2 . . . . 2 . . . . 2 . . . . 2 . . 2 . Power 1 | . . . . . . . . . . . . . . . . . . . . 1 . . . . Propulsion 3 | . . . . . . . . . . 1 . . . . 1 . . . . . . . 1 . Utility 7 | . . . . 1 2 . . . . 1 . . . . 1 . . . . 1 . . 1 . Weapon 3 | . . . . 3 . . . . . . . . . . . . . . . . . . . . Parts Attached 114 | . 9 . . 1 18 8 . . . . 8 . . . 1 4 7 4 2 4 7 . 5 36 Parts Lost 28 | . . . . . 1 . . . . . . . . . . . 1 . . 1 . . 3 22 Damage Taken 9117 | . 154 92 . 237 232 21 . 5 . 147 256 79 61 . 161 96 726 21 . 363 909 12 478 5067 Core 1155 | . 34 18 . 47 48 . . . . . 33 . . . 32 19 38 . . . 40 . 13 833 Player 2/Cogmind (%) 56 | . 40 45 . 51 100 . . . . . 100 . . . 72 100 28 . . . 100 . 100 63 Absorbed by Shields . | . . . . . . . . . . . . . . . . . . . . . . . . . Damage Inflicted 29280 | . 586 329 . 531 1187 307 . 149 . 372 399 157 659 . 638 959 1788 489 67 915 1589 123 488 17548 Player 2/Cogmind (%) 53 | . 60 66 . 50 52 67 . 10 . 19 91 16 51 . 45 44 40 60 32 48 71 17 37 63 Combat Hostiles Destroyed 135 | . 7 4 . 9 8 3 . 2 . 3 4 1 1 . 2 6 11 1 . 1 7 3 5 57 Player 2/Cogmind (%) 50 | . 53 66 . 60 50 75 . 13 . 27 80 14 25 . 18 75 55 25 . 33 77 42 41 60 Game ------ Seed ChargeBiocellMembrane Manual? 0 Play Time 02:28:17 Cumulative 892.8 hours Start 2021.07.31 @ 15:57:11 End 2021.08.01 @ 00:18:19 Sessions 6 Manual Loads 0 Difficulty Rogue Special Mode AFD2020/Player2 Game No. 622 Rogue 618 Adventurer 4 Explorer 0 Win Type - Total 96 Types 74/9/4/4/2/0/0/2/1 Lore% 94 Gallery% 97 Achievement% 96 Wizard Run 0 Options --------- ASCII 0 Keyboard 1 Movement Vi Keybinds 0 Fullscreen 0 Font 16/Terminus Map View 76x50 Tactical HUD 1 Map Filters NONE Filters NONE Steam 1 RUN: 67dc12a3-8988-4798-bf8b-d4099ad33658